 Dungeon Crawl Stone Soup version 0.31-a0-150-g89dc3ad700 (webtiles) character file.

Game seed: 7207666449598587812

77 qw the Shooter (level 4, -1/38 HPs)
             Began as a Minotaur Hunter on June 8, 2023.
             Slain by an orc priest
             ... wielding a +0 trident
              (6 damage)
             ... on level 3 of the Dungeon.
             The game lasted 00:00:43 (1452 turns).

qw the Shooter (Minotaur Hunter)                    Turns: 1452, Time: 00:00:44

Health: -1/38      AC:  7    Str: 15    XL:     4   Next: 14%
Magic:  3/3        EV: 12    Int:  6    God:
Gold:   149        SH:  0    Dex: 16    Spells: 3/3 levels left

rFire   . . .        Y - +0 shortbow
rCold   . . .        (shield currently unavailable)
rNeg    . . .        c - +0 leather armour
rPois   .            (helmet restricted)
rElec   .            (no cloak)
rCorr   .            (no gloves)
SInv    .            (no boots)
Will    .....        (no amulet)
Stlth   +            f - +4 ring of protection
HPRegen 0.26/turn    (no ring)
MPRegen 0.08/turn

%: no passive effects
@: no status effects
A: horns 2, retaliatory headbutt
a: no special abilities


You were on level 3 of the Dungeon.
You visited 1 branch of the dungeon, and saw 3 of its levels.

You collected 149 gold pieces.


Innate Abilities, Weirdness & Mutations

You have a pair of horns on your head.
You reflexively headbutt those who attack you in melee.


   Skills:
 + Level 3.2 Fighting
 - Level 6.0 Ranged Weapons
 - Level 2.1 Dodging
 - Level 0.7 Stealth


You had 3 spell levels left.
You didn't know any spells.
Your spell library was empty.

Inventory:

Hand Weapons
 Y - a +0 shortbow (weapon)
Armour
 c - a +0 leather armour (worn)
 i - a +0 pair of boots
Jewellery
 f - a +4 ring of protection (left hand)
Scrolls
 a - a scroll of identify
 b - a scroll of amnesia {unknown}
 d - a scroll of blinking {unknown}
Potions
 e - a potion of haste
 g - a potion of resistance {unknown}
 h - a potion of enlightenment {unknown}

Dungeon Overview and Level Annotations

Branches:
Dungeon (3/15)

Altars:


Message History

You kill the orc!
1428 ||| FLEEEEING.
Enter note:
1429 ||| FLEEEEING.
1430 ||| FLEEEEING.
1431 ||| FLEEEEING.
You see here a quokka corpse.
Enter note: You start resting.
An orc priest is nearby!
You shoot an arrow. The arrow barely misses the orc priest.
You shoot an arrow. The arrow hits the orc priest!
The orc priest is severely wounded.
The orc priest hits you from afar with a +0 trident.
You shoot an arrow. The arrow hits the orc priest.
The orc priest is almost dead.
The orc priest hits you but does no damage.
You shoot an arrow.
The arrow hits the orc priest but does no damage.
The orc priest is almost dead.
The orc priest hits you from afar with a +0 trident!
The orc priest closely misses you.
You shoot an arrow. The arrow barely misses the orc priest.
The orc priest barely misses you.
You shoot an arrow. The arrow barely misses the orc priest.
The orc priest mumbles some strange prayers to Beogh against you.
Pain shoots through your body!
You shoot an arrow.
The arrow hits the orc priest but does no damage.
The orc priest is almost dead.
The orc priest barely misses you.
You shoot an arrow.
The arrow hits the orc priest but does no damage.
The orc priest is almost dead.
The orc priest hits you from afar with a +0 trident.
You shoot an arrow.
The arrow closely misses the orc priest.
The arrow barely misses the orc.
The orc priest hits you from afar with a +0 trident.
You die...

#.#........o....#.# ###...#
#.#.......).....#####...#
#.#######'####### ##)../#
#...##.#..# #..# #..#.##
###......####..####.##.#
#......# #..o##...##.#####
#......###.#o##%####.#...###.
#.....%#...#.##.# #.<.......
#........###@...# #.....###.
#......###.....## #...####
#......# #.###.# #..###
#......# #. #.##... #......#
# #.##.#. ######## .......
.... .# ....


You could see an orc priest and an orc.

Vanquished Creatures
  An adder (D:3)
  3 dart slugs
  2 orcs (D:3)
  8 endoplasms
  3 giant cockroaches
  A goblin (D:3)
  2 hobgoblins
  3 jackals (D:2)
  7 kobolds
  7 quokkas
  5 ball pythons
  4 bats
  3 frilled lizards (D:1)
  4 rats
53 creatures vanquished.

Notes
Turn   | Place    | Note
-------+----------+-------------------------------------------
     0 | D:1      | qw the Minotaur Hunter began the quest for the Orb.
     0 | D:1      | Reached XP level 1. HP: 18/18 MP: 0/0
     0 | D:1      | 0 ||| qw: Version: 0.2-a-119-g7aa9181
     0 | D:1      | 0 ||| qw: Game counter: 2775
     0 | D:1      | 0 ||| qw: Always use a shield: true
     0 | D:1      | 0 ||| qw: God list: Okawaru
     0 | D:1      | 0 ||| qw: Allow faded altars: false
     0 | D:1      | 0 ||| qw: Do Orc after D:15 true
     0 | D:1      | 0 ||| qw: Do second Lair branch before Depths: true
     0 | D:1      | 0 ||| qw: Lair rune preference: random
     0 | D:1      | 0 ||| qw: Plans: Normal
     0 | D:1      | 0 ||| PLANNING D:1-11
    99 | D:1      | Reached XP level 2. HP: 25/25 MP: 1/1
   110 | D:1      | Reached skill level 5 in Ranged Weapons
   269 | D:1      | Reached skill level 3 in Fighting
   374 | D:1      | Reached XP level 3. HP: 31/31 MP: 2/2
   652 | D:1      | 652 ||| READING scroll labelled BYDWUL YDOIMUE.
   653 | D:1      | 653 ||| READING scroll labelled LUOHAW QI INKAHEO.
   654 | D:1      | 654 ||| READING scroll labelled YPNOTZ IRPHAC.
   655 | D:1      | 655 ||| DROPPING scroll of butterflies.
  1218 | D:2      | 1218 ||| UPGRADING to +4 ring of protection.
  1219 | D:2      | 1219 ||| READING scroll labelled PIEF TEMEER.
  1220 | D:2      | 1220 ||| READING 3 scrolls of identify.
  1220 | D:2      | 1220 ||| IDENTIFYING sedimented puce potion
  1221 | D:2      | 1221 ||| READING 2 scrolls of identify.
  1221 | D:2      | 1221 ||| IDENTIFYING murky red potion
  1222 | D:2      | 1222 ||| DROPPING potion of brilliance.
  1298 | D:3      | Reached XP level 4. HP: 38/38 MP: 3/3
  1312 | D:3      | Reached skill level 6 in Ranged Weapons
  1394 | D:3      | 1394 ||| FLEEEEING.
  1396 | D:3      | 1396 ||| FLEEEEING.
  1399 | D:3      | 1399 ||| FLEEEEING.
  1400 | D:3      | 1400 ||| FLEEEEING.
  1401 | D:3      | 1401 ||| FLEEEEING.
  1402 | D:3      | 1402 ||| FLEEEEING.
  1403 | D:3      | 1403 ||| FLEEEEING.
  1404 | D:3      | 1404 ||| FLEEEEING.
  1405 | D:3      | 1405 ||| FLEEEEING.
  1406 | D:3      | 1406 ||| FLEEEEING.
  1407 | D:3      | 1407 ||| FLEEEEING.
  1408 | D:3      | 1408 ||| FLEEEEING.
  1409 | D:3      | 1409 ||| FLEEEEING.
  1410 | D:3      | 1410 ||| FLEEEEING.
  1411 | D:3      | 1411 ||| FLEEEEING.
  1412 | D:3      | 1412 ||| FLEEEEING.
  1413 | D:3      | 1413 ||| FLEEEEING.
  1414 | D:3      | 1414 ||| FLEEEEING.
  1415 | D:3      | 1415 ||| FLEEEEING.
  1416 | D:3      | 1416 ||| FLEEEEING.
  1417 | D:3      | 1417 ||| FLEEEEING.
  1418 | D:3      | 1418 ||| FLEEEEING.
  1419 | D:3      | 1419 ||| FLEEEEING.
  1420 | D:3      | 1420 ||| FLEEEEING.
  1421 | D:3      | 1421 ||| FLEEEEING.
  1422 | D:3      | 1422 ||| FLEEEEING.
  1423 | D:3      | 1423 ||| FLEEEEING.
  1428 | D:3      | 1428 ||| FLEEEEING.
  1429 | D:3      | 1429 ||| FLEEEEING.
  1430 | D:3      | 1430 ||| FLEEEEING.
  1431 | D:3      | 1431 ||| FLEEEEING.
  1451 | D:3      | HP: 4/38 [orc priest/+0 trident (6)]
  1452 | D:3      | Slain by an orc priest

Levels and vault maps discovered:
D:1:      amcnicky_arrival_abandoned_market, layout_basic
D:2:      layout_basic
D:3:      layout_rooms, kennysheep_generic_room_16

Skill      XL: |  1  2  3  4 |
---------------+-------------+-----
Ranged Weapons | 5 6 |  6.0
Fighting       | 3 |  3.2
Dodging        | |  2.1
Stealth        | |  0.7

Action                     |  1- 3 |  4- 6 || total
---------------------------+-------+-------++-------
   Fire: Shortbow          |   114 |    35 ||   149
    Use: Scroll            |     6 |       ||     6
 Armour: Leather armour    |       |     3 ||     3
  Dodge: Dodged            |    22 |     5 ||    27

Table legend:
 A = Non-vault XP
 B = Vault XP
 C = Vault XP percentage of total XP
 D = Non-vault monster count
 E = Vault monster count
 F = Vault count percentage of total count
                 A         B        C        D         E       F
            +---------+---------+-------+---------+---------+-------
      Total |     107 |       4 |   3.6 |      51 |       2 |   3.8
            +---------+---------+-------+---------+---------+-------
        D:1 |      47 |       0 |   0.0 |      26 |       0 |   0.0
        D:2 |      31 |       0 |   0.0 |      17 |       0 |   0.0
        D:3 |      29 |       4 |  12.1 |       8 |       2 |  20.0
            +---------+---------+-------+---------+---------+-------
